 Dungeon Sprint DCSS version 0.27-a0-1147-gb3d8e82157 (webtiles) character file.

Game seed: 2017242921862574430

10823 Zeld the Genius of the Arcane (level 11, -3/82 HPs)
             Began as an Octopode Transmuter on May 12, 2021.
             Was the Champion of Sif Muna.
             Slain by a four-headed hydra (6 damage)
             ... while petrified by a basilisk
             ... in the Dungeon (Sprint V: "Ziggurat Sprint").
             The game lasted 00:05:15 (3245 turns).

Zeld the Genius of the Arcane (Octopode Transmuter) Turns: 3245, Time: 00:05:16

Health: -3/82      AC:  5    Str: 24    XL:     11   Next: 68%
Magic:  22/25      EV:  2    Int: 28    God:    Sif Muna [******]
Gold:   0          SH:  0    Dex: 13    Spells: 10/31 levels left

rFire    . . .     SeeInvis +     - Unarmed
rCold    . . .     Faith    .   (shield currently unavailable)
rNeg     + + +     Spirit   .   (helmet restricted)
rPois    ∞         Reflect  .   (no amulet)
rElec    .         Harm     .   s - +6 ring of strength
rCorr    .         Rampage  .   r - +6 ring of intelligence
Will     .....     NoTele   +   t - +6 ring of strength
Stlth    ++........             q - +6 ring of intelligence
HPRegen  0.23/turn              y - ring of see invisible
MPRegen  0.19/turn              F - +4 ring of protection
                                (no ring)
                                (no ring)

@: blade tentacles, petrified
A: almost no armour, amphibious, 8 rings, camouflage 1, gelatinous body 1,
(nimble swimmer 1), tentacles
a: End Transformation, Renounce Religion, Channel Magic, Forget Spell, Divine
Exegesis


You were in the Dungeon.
You worshipped Sif Muna.
Sif Muna was exalted by your worship.
You had blades for main tentacles.
You visited 1 branch

Inventory:

Jewellery
 q - a +6 ring of intelligence (on tentacle)
 r - a +6 ring of intelligence (right blade tentacle)
 s - a +6 ring of strength (left blade tentacle)
 t - a +6 ring of strength (on tentacle)
 y - a ring of see invisible (on tentacle)
 F - a +4 ring of protection (on tentacle)
 K - an amulet of regeneration
Wands
 v - a wand of mindburst (7)
 w - a wand of iceblast (2)
 x - a wand of acid (5)
Scrolls
 l - 4 scrolls of amnesia
 m - 7 scrolls of fog
 n - a scroll of holy word
 o - 5 scrolls of identify
 p - 2 scrolls of fear
 z - a scroll of brand weapon
Potions
 a - 2 potions of brilliance
 b - 10 potions of curing
 c - 4 potions of heal wounds
 d - 6 potions of haste
 e - 7 potions of magic
 f - 3 potions of berserk rage
 h - 2 potions of invisibility
 i - 4 potions of resistance
 k - 5 potions of might
Miscellaneous
 j - a condenser vane
 u - a lightning rod (4/4)
 A - a box of beasts
 B - a box of beasts
 C - a condenser vane
 D - a piece from Xom's chessboard (15/15)
 E - a piece from Xom's chessboard (15/15)
 G - a tin of tremorstones (2/2)
 H - a phial of floods
 I - a lightning rod (4/4)
 J - a phial of floods
 L - a lightning rod (4/4)
 M - a phial of floods


   Skills:
 + Level 10.7 Fighting
 + Level 10.9 Dodging
 - Level 3.0 Unarmed Combat
 + Level 10.7 Spellcasting
 * Level 15.5 Transmutations
 * Level 15.5 Invocations


You had 10 spell levels left.
You knew the following spells:

 Your Spells              Type           Power      Damage    Failure   Level
a - Beastly Appendage     Tmut           100%       N/A       3%          1
b - Wereblood             Tmut           80%        N/A       3%          2
c - Spider Form           Tmut/Pois      27%        N/A       12%         3
d - Ice Form              Ice/Tmut       55%        N/A       19%         4
e - Hydra Form            Tmut           40%        N/A       9%          5
f - Blade Hands           Tmut           40%        N/A       16%         6

Your spell library contained the following spells:

 Spells                   Type           Power      Damage    Failure   Level
 Passwall                 Tmut/Erth      45%        N/A       9%          2
 Ignite Poison            Fire/Tmut/Pois 44%        N/A       17%         3
 Petrify                  Tmut/Erth      55%        N/A       19%         4
 Animate Skeleton         Necr           30%        N/A       28%         1
 Apportation              Tloc           30%        N/A       28%         1
 Corona                   Hex            16%        N/A       28%         1
 Foxfire                  Conj/Fire      60%        2x1d7     28%         1
 Magic Dart               Conj           60%        1d6       28%         1
 Sandblast                Erth           30%        2d9       28%         1
 Shock                    Conj/Air       60%        1d6       28%         1
 Summon Small Mammal      Summ           60%        N/A       28%         1
 Alistair's Intoxication  Tmut/Pois      36%        N/A       30%         5
 Irradiate                Conj/Tmut      27%        3d23      30%         5
 Yara's Violent Unravell  Hex/Tmut       27%        3d12      30%         5
 Corpse Rot               Necr/Air       N/A        N/A       34%         2
 Ensorcelled Hibernation  Hex/Ice        30%        N/A       34%         2
 Searing Ray              Conj           30%        3d4       34%         2
 Slow                     Hex            15%        N/A       34%         2
 Confusing Touch          Hex            15%        N/A       47%         3
 Stone Arrow              Conj/Erth      30%        3d8       47%         3
 Swiftness                Air            15%        N/A       47%         3
 Cause Fear               Hex            7%         N/A       78%         4
 Hailstorm                Conj/Ice       15%        3d5       78%         4
 Iskenderun's Mystic Bla  Conj/Tloc      15%        2d5       78%         4
 Passage of Golubria      Tloc           N/A        N/A       78%         4
 Borgnjor's Vile Clutch   Necr/Erth      7%         N/A       96%         5
 Excruciating Wounds      Necr           7%         N/A       96%         5
 Fireball                 Conj/Fire      7%         3d5       96%         5
 Lee's Rapid Deconstruct  Erth           7%         3d8*      96%         5
 Lightning Bolt           Conj/Air       7%         1d20      96%         5
 Silence                  Hex/Air        7%         N/A       96%         5
 Summon Mana Viper        Hex/Summ       15%        N/A       96%         5
 Freezing Cloud           Conj/Ice/Air   7%         6-21      100%        6
 Invisibility             Hex            15%        N/A       100%        6
 Iron Shot                Conj/Erth      7%         9d2       100%        6
 Shadow Creatures         Summ           N/A        N/A       100%        6
 Starburst                Conj/Fire      7%         8x6d4     100%        6
 Chain Lightning          Conj/Air       7%         N/A       100%        8
 Discord                  Hex            7%         N/A       100%        8
 Ignition                 Fire           7%         3d5       100%        8
 Lehudib's Crystal Spear  Conj/Erth      7%         10d3      100%        8
 Absolute Zero            Ice            7%         ∞         100%        9
 Fire Storm               Conj/Fire      7%         8d2       100%        9
 Animate Armour           Summ/Erth      Unusable   N/A       N/A         4

Dungeon Overview and Level Annotations

Branches:
Dungeon (1/1)

Altars:
Ashenzari
Cheibriados
Dithmenos
Elyvilon
Fedhas
Gozag
Hepliaklqana
Kikubaaqudgha
Makhleb
Nemelex Xobeh
Okawaru
Qazlal
Ru
Sif Muna
Trog
Uskayaw
Vehumet
Wu Jian
Xom
Yredelemnul
Zin
The Shining One
Beogh
Jiyva
Lugonu

Annotations:
D 1 transporter


Innate Abilities, Weirdness & Mutations

You have blades for main tentacles.
You are immune to poison.
Your spellcasting is less reliable in this form.
You are incapable of wielding weapons or throwing items.
You cannot wear most types of armour.
You are amphibious.
You can wear up to eight rings at the same time.
Your skin changes colour to match your surroundings (Stealth+).
Your rubbery body absorbs attacks. (AC +1, EV +1)
((You are camouflaged near water. (Stealth+)))
You have tentacles for arms and can constrict up to eight enemies at once.


Message History

The wolf is engulfed in freezing vapours.
The rime drake is engulfed in freezing vapours.
You kill the rime drake!
Sif Muna accepts your kill.
The yak is engulfed in freezing vapours.
The wolf is engulfed in freezing vapours.
You kill the wolf!
Sif Muna accepts your kill.
You see here Sif Muna's Disquisition on Ghastly Calling.
Sif Muna grants you a gift!
The komodo dragon is engulfed in freezing vapours.
The komodo dragon seems to slow down.
The yak is engulfed in freezing vapours.
You kill the yak!
Sif Muna accepts your kill.
The komodo dragon is engulfed in freezing vapours. x2
The four-headed hydra bites you but does no damage.
The four-headed hydra bites you. x2; The four-headed hydra bites you!
You have turned to stone.
Your condenser vane has recharged.
The komodo dragon bites you!
* * * LOW HITPOINT WARNING * * *
The komodo dragon is engulfed in freezing vapours.
The komodo dragon seems to slow down.
You kill the komodo dragon!
Sif Muna accepts your kill. The four-headed hydra bites you!
* * * LOW HITPOINT WARNING * * *
The four-headed hydra bites you!
* * * LOW HITPOINT WARNING * * *
The four-headed hydra bites you!
* * * LOW HITPOINT WARNING * * *
The four-headed hydra bites you!
* * * LOW HITPOINT WARNING * * *
The komodo dragon is engulfed in freezing vapours.
You kill the komodo dragon!
Sif Muna accepts your kill.
The komodo dragon completely misses you.
The four-headed hydra is no longer moving slowly.
The four-headed hydra bites you!
You die...

▓.........▓..)[[..▓
▓.........▓.......▓
▓.........▓...)...▓
▓.........▓.......▓
▓.........▓.......▓
▓.▓.....▓.▓.▓...▓.▓
▓....©....▓...©...▓
▓▓▓▓▓▓▓▓▓▓▓▓▓▓▓▓▓▓▓
▓...8©8.l@▓...8©8...▓
▓..}}:§§§D▓..::|.[..▓
▓..[§§☼§§§▓.........▓
▓..☼§§○§§○▓.........▓
▓..§§.§☼§§▓...).....▓
▓..§§§§§§☼▓...)))...▓
▓......☼°§▓...).)...▓
▓.........▓.▓.....▓.▓
▓.▓.....▓.▓....©....▓


You could see a four-headed hydra and a komodo dragon (slow).

Vanquished Creatures
  A tentacled starspawn (D)
  A spriggan air mage (D)
  A dancing weapon (D)
  2 deep elf archers (D)
  A deep elf zephyrmancer (D)
  2 deep elf pyromancers (D)
  5 toenail golems (D)
  A black mamba (D)
  A naga mage (D)
  2 eyes of devastation (D)
  A rime drake (D)
  2 komodo dragons (D)
  A slime creature (D)
  A raiju (D)
  Sigmund (D)
  A ynoxinul (D)
  A yak (D)
  A basilisk (D)
  A water moccasin (D)
  An orc warrior (D)
  A wolf (D)
  2 scorpions (D)
  Blork the orc (D)
  A crimson imp (D)
  6 jellies (D)
  A quasit (D)
  8 starcursed masses (D)
  4 orc priests (D)
  Jessica (D)
  2 orc wizards (D)
  An adder (D)
  4 shadow imps (D)
  2 orcs (D)
  3 endoplasms (D)
  3 ball pythons (D)
  2 starspawn tentacles (D)
70 creatures vanquished.

Vanquished Creatures (others)
  An ufetubus (D)
1 creature vanquished.

Grand Total: 71 creatures vanquished

Notes
Turn   | Place    | Note
-------+----------+-------------------------------------------
     0 | D        | Zeld the Octopode Transmuter began the quest for the Orb.
     0 | D        | Reached XP level 1. HP: 13/13 MP: 3/3
     2 | D        | Found a blossoming altar of Fedhas.
     3 | D        | Found the +6 Majin-Bo {vamp, MP+6 Int+6}
     3 | D        | Found the +9 heavy crossbow "Sniper" {vorpal, Acc+∞ SInv}
     3 | D        | Found the +10 dark maul {vorpal}
     3 | D        | Found the +15 Maxwell's patent armour {-Cast -Tele rElec
                  | Will+ rCorr}
     3 | D        | Found the +18 shield of the Gong {rElec rN+ Will+ EV-5}
     3 | D        | Found the +14 obsidian axe {vorpal, Drain Fly SInv}
     3 | D        | Found the +7 great mace "Firestarter" {inner flame, rF++}
     3 | D        | Found the +6 shillelagh "Devastator" {shatter}
     3 | D        | Found the +11 plutonium sword {Contam Stlth-}
     3 | D        | Found the +8 lance "Wyrmbane" {slay drac, rPois rF+ rC+
                  | AC+3}
     3 | D        | Found the +9 sword of Zonguldrok {reap}
     3 | D        | Found the +13 scythe of Curses {drain, Drain}
     3 | D        | Found the +5 sword of Power {vorpal}
     3 | D        | Found the +7 mace of Variability {chain chaos}
     3 | D        | Found the +7 Singing Sword {vorpal, sonic wave}
     3 | D        | Found the +8 storm bow {elec, penet}
     5 | D        | Found a shimmering blue altar of Sif Muna.
     5 | D        | Found a sacrificial altar of Ru.
     5 | D        | Found a bloodstained altar of Trog.
     5 | D        | Found a stormy altar of Qazlal.
     5 | D        | Found an iron altar of Okawaru.
     5 | D        | Found a sparkling altar of Nemelex Xobeh.
     7 | D        | Found a transporter.
     7 | D        | Found an ancient bone altar of Kikubaaqudgha.
     7 | D        | Found a viscous altar of Jiyva.
     7 | D        | Found a corrupted altar of Lugonu.
     7 | D        | Found a hazy altar of Hepliaklqana.
     7 | D        | Found a burning altar of Makhleb.
     7 | D        | Found an opulent altar of Gozag.
    23 | D        | Reached XP level 2. HP: 18/18 MP: 4/7
    29 | D        | Became a worshipper of Sif Muna the Loreminder
   216 | D        | Entered arena 2.
   216 | D        | Noticed a scorpion
   216 | D        | Noticed a scorpion
   216 | D        | Found a transporter.
   218 | D        | Killed a scorpion
   219 | D        | Reached XP level 3. HP: 24/24 MP: 9/9
   219 | D        | Reached XP level 4. HP: 29/29 MP: 10/10
   221 | D        | Killed a scorpion
   222 | D        | Reached skill level 5 in Spellcasting
   222 | D        | Reached XP level 5. HP: 25/36 MP: 9/12
   225 | D        | Learned a level 2 spell: Wereblood
   229 | D        | Learned a level 3 spell: Spider Form
   234 | D        | Learned a level 4 spell: Ice Form
   491 | D        | Entered arena 3.
   491 | D        | Noticed Sigmund
   491 | D        | Noticed Jessica
   491 | D        | Noticed Blork the orc
   491 | D        | Found a transporter.
   492 | D        | Found the +2 Maxwell's thermic engine {flame, freeze}
   496 | D        | Killed Blork the orc
   496 | D        | Reached * piety under Sif Muna
   497 | D        | Reached skill level 5 in Invocations
   498 | D        | Killed Jessica
   510 | D        | Killed Sigmund
   511 | D        | Reached skill level 5 in Dodging
   511 | D        | Reached XP level 6. HP: 24/44 MP: 11/15
   517 | D        | Learned a level 5 spell: Hydra Form
   830 | D        | Entered arena 4.
   830 | D        | Noticed a ynoxinul
   830 | D        | Found a transporter.
   834 | D        | Reached ** piety under Sif Muna
   841 | D        | Killed a ynoxinul
   842 | D        | Reached skill level 5 in Fighting
   842 | D        | Reached XP level 7. HP: 50/50 MP: 11/16
   850 | D        | Got the ring of Ylott {Str+4 Slay-4 SInv}
  1085 | D        | Entered arena 5.
  1085 | D        | Found a transporter.
  1088 | D        | Reached *** piety under Sif Muna
  1318 | D        | Entered arena 6.
  1318 | D        | Noticed a toenail golem
  1318 | D        | Noticed a toenail golem
  1318 | D        | Noticed a toenail golem
  1318 | D        | Noticed a toenail golem
  1318 | D        | Noticed a toenail golem
  1318 | D        | Found a transporter.
  1330 | D        | Killed a toenail golem
  1330 | D        | Reached **** piety under Sif Muna
  1330 | D        | Killed a toenail golem
  1331 | D        | Reached skill level 10 in Invocations
  1331 | D        | Reached XP level 8. HP: 15/58 MP: 13/19
  1337 | D        | Killed a toenail golem
  1340 | D        | Killed a toenail golem
  1341 | D        | Reached XP level 9. HP: 19/64 MP: 15/20
  1341 | D        | Killed a toenail golem
  1843 | D        | Entered arena 7.
  1843 | D        | Noticed a deep elf zephyrmancer
  1843 | D        | Noticed a deep elf archer
  1843 | D        | Noticed a +1 scimitar of freezing
  1843 | D        | Noticed a deep elf pyromancer
  1843 | D        | Noticed a deep elf archer
  1843 | D        | Noticed a deep elf pyromancer
  1846 | D        | Killed a +1 scimitar of freezing
  1848 | D        | Found a transporter.
  1851 | D        | Killed a deep elf pyromancer
  1851 | D        | Reached ***** piety under Sif Muna
  1851 | D        | Received a gift from Sif Muna
  1852 | D        | Reached XP level 10. HP: 58/72 MP: 16/22
  1853 | D        | Killed a deep elf archer
  1854 | D        | Killed a deep elf zephyrmancer
  1856 | D        | Killed a deep elf archer
  1859 | D        | Killed a deep elf pyromancer
  2174 | D        | Entered arena 8.
  2174 | D        | Noticed a black mamba
  2174 | D        | Noticed a naga mage
  2176 | D        | Found a transporter.
  2181 | D        | Killed a black mamba
  2185 | D        | Killed a naga mage
  2185 | D        | Received a gift from Sif Muna
  2319 | D        | Entered arena 9.
  2319 | D        | Noticed a starcursed mass
  2319 | D        | Noticed a tentacled starspawn
  2328 | D        | Killed a tentacled starspawn
  2329 | D        | Reached skill level 10 in Dodging
  2329 | D        | Reached skill level 10 in Spellcasting
  2329 | D        | Reached XP level 11. HP: 78/81 MP: 19/25
  2334 | D        | Identified Nizonig's Compendium of the Enthralling Rocks
                  | (Sif Muna gifted it to you in the Dungeon)
  2334 | D        | Received a gift from Sif Muna
  2339 | D        | Found a transporter.
  2340 | D        | Reached ****** piety under Sif Muna
  2341 | D        | Reached skill level 10 in Fighting
  2572 | D        | Entered arena 10.
  2574 | D        | Found a transporter.
  2582 | D        | Identified Sif Muna's Almanac of Moulding (Sif Muna gifted
                  | it to you in the Dungeon)
  2582 | D        | Received a gift from Sif Muna
  2598 | D        | Learned a level 6 spell: Blade Hands
  2694 | D        | Got Vehumet's Grimoire of Confrontation
  2878 | D        | Entered arena 11.
  2880 | D        | Found a transporter.
  2888 | D        | Reached skill level 15 in Transmutations
  2891 | D        | Identified Dite's Collected Works on Destructive Black Arts
                  | (Sif Muna gifted it to you in the Dungeon)
  2891 | D        | Received a gift from Sif Muna
  3229 | D        | Entered arena 12.
  3229 | D        | Noticed a spriggan air mage
  3230 | D        | Found the +4 Cigotuvi's embrace {rMiasma Drain rN+}
  3231 | D        | Noticed a four-headed hydra
  3233 | D        | Reached skill level 15 in Invocations
  3233 | D        | Found a transporter.
  3240 | D        | Killed a spriggan air mage
  3241 | D        | Identified Sif Muna's Disquisition on Ghastly Calling (Sif
                  | Muna gifted it to you in the Dungeon)
  3241 | D        | Received a gift from Sif Muna
  3243 | D        | HP: 2/82 [four-headed hydra (5)]
  3245 | D        | Slain by a four-headed hydra

Illustrated notes

Levels and vault maps discovered:
D:        sprint_v [room_start, room_1, room_2, room_3, room_4, room_5, room_6,
          room_7, room_8, room_9, room_10, room_11, room_12, room_13, room_14,
          room_15, room_16, room_17, room_18, room_19, room_20, room_21,
          room_22, room_23, room_24, room_25, room_26, room_27]

Skill      XL: |  1  2  3  4  5  6  7  8  9 10 11 |
---------------+----------------------------------+-----
Spellcasting   | 4 5 6 7 8 10 | 10.7
Transmutations | 6 7 9 11 12 14 15 | 15.5
Fighting       | 2 3 4 5 6 7 8 9 10 | 10.7
Dodging        | 3 5 6 7 8 10 | 10.9
Invocations    | 3 4 7 8 10 11 12 14 15 | 15.5
Unarmed Combat | |  3.0

Action                   |  1- 3 |  4- 6 |  7- 9 | 10-12 || total
-------------------------+-------+-------+-------+-------++-------
Melee: Unarmed           |       |    25 |    11 |    61 ||    97
       Constrict         |       |     1 |       |     1 ||     2
       Tentacles         |       |     1 |       |     1 ||     2
       Punch             |       |     1 |       |       ||     1
 Cast: Beastly Appendage |       |     1 |       |       ||     1
       Ice Form          |       |     1 |       |     1 ||     2
       Hydra Form        |       |     1 |     3 |     3 ||     7
       Blade Hands       |       |       |       |     2 ||     2
Invok: Channel Magic     |       |       |       |     2 ||     2
Evoke: Wand              |     1 |       |     5 |     1 ||     7
       Lightning rod     |     1 |       |       |       ||     1
       Condenser vane    |       |       |     2 |     1 ||     3
  Use: Potion            |     1 |     1 |       |     9 ||    11
       Scroll            |       |       |     3 |     1 ||     4
 Stab: Confused          |       |       |       |     3 ||     3
Armor: Skin              |       |     3 |     5 |    25 ||    33
Dodge: Dodged            |     1 |    13 |     8 |    57 ||    79

Table legend: (Time is in decaauts)
 A = Elapsed time spent in this place.
 B = Non-inter-level travel time spent in this place.
 C = Inter-level travel time spent in this place.
 D = Time resting spent in this place.
 E = Time spent auto-exploring this place.
 F = Levels seen in this place.
 G = Mean time per level.
                   A        B        C        D        E       F      G
               +--------+--------+--------+--------+--------+-----+--------+
         Total |   3237 |   3228 |      9 |   2866 |      8 |   1 | 3237.0 |
       Dungeon |   3237 |   3228 |      9 |   2866 |      8 |   1 | 3237.0 |
               +--------+--------+--------+--------+--------+-----+--------+

Top non-repeatable levels by time:
       D: 3237 daAuts
